 Dungeon Crawl Stone Soup version 0.25-a0-578-gc91f01c39c (webtiles) character file.

Game seed: 3618666996452815648, levelgen mode: deterministic

287 Kohma the Insei (level 6, 0/47 HPs)
             Began as a Gnoll Transmuter on Mar 5, 2020.
             Succumbed to an orc's poison
             ... on level 4 of the Dungeon.
             The game lasted 00:07:21 (2948 turns).

Kohma the Insei (Gnoll Transmuter)                  Turns: 2948, Time: 00:07:22

Health: 0/47       AC:  5    Str: 12    XL:     6   Next: 30%
Magic:  11/14      EV: 15    Int: 17    God:
Gold:   196        SH:  0    Dex: 16    Spells: 9/15 levels left

rFire    . . .     SeeInvis .     - Unarmed
rCold    . . .     Gourm    .   (no shield)
rNeg     . . .     Faith    .   b - +0 robe
rPois    .         Spirit   .   G - +2 helmet
rElec    .         Reflect  .   (no cloak)
rCorr    .         Harm     .   (no gloves)
MR       .....                  (no boots)
Stlth    ++........             (no amulet)
HPRegen  0.15/turn              (no ring)
MPRegen  0.14/turn              (no ring)

@: lethally poisoned (0 -> -8)
A: distributed training, fangs 1, strong nose
a: no special abilities


You were on level 4 of the Dungeon.
You were not hungry.

You visited 1 branch of the dungeon, and saw 4 of its levels.

You collected 196 gold pieces.

Inventory:

Hand Weapons
 f - a +0 dagger of electrocution
 B - a +0 hunting sling
Missiles
 a - 7 arrows
 e - 7 javelins (quivered)
 h - 128 stones
 m - 17 poisoned darts
 t - 15 sling bullets
 u - 19 bolts
Armour
 b - a +0 robe (worn)
 y - a +0 kite shield
 G - a +2 helmet (worn)
Jewellery
 j - an uncursed ring of positive energy {unknown}
 n - an uncursed ring of flight {unknown}
 v - an uncursed ring of positive energy {unknown}
 F - a cursed ring of attention {unknown}
Wands
 p - a wand of digging (1)
 A - a wand of iceblast (17)
 D - a wand of polymorph (4)
Scrolls
 c - 2 scrolls of fog
 g - 5 scrolls of identify {unknown}
 q - a scroll of enchant armour {unknown}
 s - a scroll of immolation {unknown}
 w - a scroll of random uselessness {unknown}
 C - a scroll of teleportation {unknown}
 E - a scroll of remove curse {unknown}
Potions
 i - a potion of berserk rage {unknown}
 k - a potion of flight {unknown}
 o - a potion of lignification {unknown}
 r - a potion of brilliance {unknown}
 x - a potion of degeneration {unknown}
Comestibles
 d - 10 rations
 l - 2 chunks of flesh


   Skills:
 + Level 3.2 Fighting
 + Level 1.8 Short Blades
 + Level 1.8 Long Blades
 + Level 1.8 Axes
 + Level 1.8 Maces & Flails
 + Level 1.8 Polearms
 + Level 1.8 Staves
 + Level 1.8 Slings
 + Level 1.8 Bows
 + Level 1.8 Crossbows
 + Level 1.8 Throwing
 + Level 1.8 Armour
 + Level 4.9 Dodging
 + Level 1.8 Stealth
 + Level 1.8 Shields
 + Level 6.8 Unarmed Combat
 + Level 5.3 Spellcasting
 + Level 1.4 Conjurations
 + Level 1.4 Hexes
 + Level 1.4 Charms
 + Level 1.4 Summonings
 + Level 1.4 Necromancy
 + Level 1.4 Translocations
 + Level 4.1 Transmutations
 + Level 1.4 Fire Magic
 + Level 1.4 Ice Magic
 + Level 1.4 Air Magic
 + Level 1.4 Earth Magic
 + Level 1.4 Poison Magic
 + Level 2.0 Invocations
 + Level 1.8 Evocations


You had 9 spell levels left.
You knew the following spells:

 Your Spells              Type           Power        Failure   Level  Hunger
a - Beastly Appendage     Tmut           ###...       2%          1    None
b - Sticks to Snakes      Tmut           ###.....     3%          2    #......
c - Spider Form           Tmut/Pois      ##........   13%         3    ##.....

Your spell library contained the following spells:

 Spells                   Type           Power        Failure   Level  Hunger
 Ice Form                 Ice/Tmut       ##......     41%         4    ####...
 Blade Hands              Tmut           ###.......   56%         5    ######.


Dungeon Overview and Level Annotations

Branches:
Dungeon (4/15)
 Temple: D:4-7

Altars:
Hepliaklqana
Ru
Xom

Annotations:
D:3 1 runed translucent door, Clehvi's ghost, amateur CeHu


Innate Abilities, Weirdness & Mutations

Your experience applies equally to all skills.
You have very sharp teeth.
Your uncanny sense of smell can sniff out nearby items.


Message History

The orc is lightly wounded.
You feel sick. The orc closely misses you. The orc hits you.
The iguana completely misses you. The orc completely misses you.
You hit the orc but do no damage.
You feel sick. The orc completely misses you. The orc barely misses you.
The iguana bites you!
You bite the orc!
You kill the orc!
You feel sick.
The orc completely misses you. x2; The iguana bites you!
You hit the orc but do no damage.
The orc is poisoned.
Your transformation has ended.
Your +2 helmet unmelds from your body.
Your +0 robe unmelds from your body.
The orc barely misses you. x2; The iguana bites you!
* * * LOW HITPOINT WARNING * * *
As you read the scroll labeled GENASO LANAKEF, it crumbles to dust.
The scroll dissolves into smoke.
It was a scroll of fog.
* * * LOW HITPOINT WARNING * * *
You feel sick. The orc hits you.
* * * LOW HITPOINT WARNING * * *
The orc closely misses you. The iguana closely misses you.
You die...

#.....# #.....#
#.(...# #.....#
##!....#
+.####.§§§§.#.##
#.....§§lo§.....
########.§§§§.#
.........@§o..#
######..####.# ##
#..####.# #..
##.......#
#.s.#........#
.###.......####.#
......###..# .
####..<...#
#####.......


You could see an iguana and 2 orcs.

Vanquished Creatures
  A sky beast (D:3)
  An orc priest (D:4)
  An orc wizard (D:3)
  Ijyb (D:3)
  Robin (D:3)
  An adder (D:3)
  An ooze (D:3)
  2 dart slugs (D:1)
  3 leopard geckos
  5 orcs
  2 giant cockroaches
  9 hobgoblins
  3 quokkas (D:3)
  2 ball pythons
  8 bats
  4 frilled lizards
  12 goblins (D:3)
  10 kobolds
  A quokka skeleton (D:4)
  7 rats
75 creatures vanquished.

Vanquished Creatures (collateral kills)
  A leopard gecko (D:1)
1 creature vanquished.

Grand Total: 76 creatures vanquished

Notes
Turn   | Place    | Note
-------+----------+-------------------------------------------
     0 | D:1      | Kohma the Gnoll Transmuter began the quest for the Orb.
     0 | D:1      | Reached XP level 1. HP: 17/17 MP: 6/6
   216 | D:1      | Reached XP level 2. HP: 22/23 MP: 5/7
   239 | D:1      | Learned a level 2 spell: Sticks to Snakes
   480 | D:1      | Reached XP level 3. HP: 10/28 MP: 2/9
   687 | D:1      | Reached skill level 5 in Spellcasting
   979 | D:1      | Learned a level 3 spell: Spider Form
  1901 | D:3      | Reached skill level 1 in Invocations
  1916 | D:3      | Found a runed translucent door.
  1916 | D:3      | Noticed Clehvi's ghost (amateur CeHu)
  1923 | D:3      | Found a shimmering altar of Xom.
  1923 | D:3      | Found a shimmering altar of Xom.
  1923 | D:3      | Found a shimmering altar of Xom.
  1924 | D:3      | Found a shimmering altar of Xom.
  1924 | D:3      | Found a shimmering altar of Xom.
  1996 | D:3      | Reached skill level 1 in Short Blades
  1996 | D:3      | Reached skill level 1 in Long Blades
  1996 | D:3      | Reached skill level 1 in Axes
  1996 | D:3      | Reached skill level 1 in Maces & Flails
  1996 | D:3      | Reached skill level 1 in Polearms
  1996 | D:3      | Reached skill level 1 in Staves
  1996 | D:3      | Reached skill level 1 in Slings
  1996 | D:3      | Reached skill level 1 in Bows
  1996 | D:3      | Reached skill level 1 in Crossbows
  1996 | D:3      | Reached skill level 1 in Throwing
  1996 | D:3      | Reached skill level 1 in Armour
  1996 | D:3      | Reached skill level 1 in Stealth
  1996 | D:3      | Reached skill level 1 in Shields
  1996 | D:3      | Reached skill level 1 in Evocations
  2039 | D:3      | Reached XP level 4. HP: 30/34 MP: 9/11
  2117 | D:3      | Noticed a sky beast
  2136 | D:3      | Killed a sky beast
  2136 | D:3      | Reached skill level 1 in Conjurations
  2136 | D:3      | Reached skill level 1 in Hexes
  2136 | D:3      | Reached skill level 1 in Charms
  2136 | D:3      | Reached skill level 1 in Summonings
  2136 | D:3      | Reached skill level 1 in Necromancy
  2136 | D:3      | Reached skill level 1 in Translocations
  2136 | D:3      | Reached skill level 1 in Fire Magic
  2136 | D:3      | Reached skill level 1 in Ice Magic
  2136 | D:3      | Reached skill level 1 in Air Magic
  2136 | D:3      | Reached skill level 1 in Earth Magic
  2136 | D:3      | Reached skill level 1 in Poison Magic
  2136 | D:3      | Reached XP level 5. HP: 3/40 MP: 9/12
  2483 | D:3      | Found a hazy altar of Hepliaklqana.
  2590 | D:3      | Noticed Ijyb
  2601 | D:3      | Killed Ijyb
  2630 | D:3      | Reached XP level 6. HP: 47/47 MP: 9/13
  2643 | D:3      | Found a sacrificial altar of Ru.
  2644 | D:3      | Noticed Robin
  2674 | D:3      | Killed Robin
  2947 | D:4      | HP: 1/47 [orc (4)]
  2948 | D:4      | Succumbed to an orc's poison

Levels and vault maps discovered:
D:1:      eino_arrival_cavern_e, layout_basic, minmay_strange_pillars,
          minmay_tromino_v7
D:2:      layout_basic
D:3:      minmay_inner_zag, layout_rooms, xom_redecorated, lemuel_doored_altar,
          ebering_ghost_reflecting_pool, first_ration,
          nicolae_ru_sacrificial_ziggurat, uniq_ijyb, uniq_robin
D:4:      layout_basic, kennysheep_mini_moat, kennysheep_mini,
          grunt_temple_overflow_diamond

Skill      XL: |  1  2  3  4  5  6 |
---------------+-------------------+-----
Spellcasting   | 5 |  5.3
Invocations    | 1 2 |  2.0
Short Blades   | 1 |  1.8
Long Blades    | 1 |  1.8
Axes           | 1 |  1.8
Maces & Flails | 1 |  1.8
Polearms       | 1 |  1.8
Staves         | 1 |  1.8
Slings         | 1 |  1.8
Bows           | 1 |  1.8
Crossbows      | 1 |  1.8
Throwing       | 1 |  1.8
Armour         | 1 |  1.8
Stealth        | 1 |  1.8
Shields        | 1 |  1.8
Evocations     | 1 |  1.8
Conjurations   | 1 |  1.4
Hexes          | 1 |  1.4
Charms         | 1 |  1.4
Summonings     | 1 |  1.4
Necromancy     | 1 |  1.4
Translocations | 1 |  1.4
Fire Magic     | 1 |  1.4
Ice Magic      | 1 |  1.4
Air Magic      | 1 |  1.4
Earth Magic    | 1 |  1.4
Poison Magic   | 1 |  1.4
Fighting       | 3 |  3.2
Transmutations | 4 |  4.1
Dodging        | |  4.9
Unarmed Combat | |  6.8

Action                   |  1- 3 |  4- 6 || total
-------------------------+-------+-------++-------
Melee: Unarmed           |   121 |    86 ||   207
       Kick              |     7 |     1 ||     8
       Bite              |    10 |     3 ||    13
       Headbutt          |     2 |       ||     2
       Punch             |       |     2 ||     2
 Cast: Beastly Appendage |     8 |     2 ||    10
       Sticks to Snakes  |     5 |       ||     5
       Spider Form       |       |     8 ||     8
  Use: Scroll            |       |     1 ||     1
 Stab: Sleeping          |     3 |     1 ||     4
  Eat: Chunk             |     4 |     3 ||     7
Armor: Robe              |    25 |     7 ||    32
       Skin              |       |     3 ||     3
Dodge: Dodged            |   119 |   105 ||   224

Table legend:
 A = Non-vault XP
 B = Vault XP
 C = Vault XP percentage of total XP
 D = Non-vault monster count
 E = Vault monster count
 F = Vault count percentage of total count
                 A         B        C        D         E       F
            +---------+---------+-------+---------+---------+-------
      Total |     325 |      86 |  20.9 |      53 |      23 |  30.3
            +---------+---------+-------+---------+---------+-------
        D:1 |      40 |       4 |   9.1 |      23 |       3 |  11.5
        D:2 |       8 |       0 |   0.0 |       5 |       0 |   0.0
        D:3 |     227 |      82 |  26.5 |      20 |      20 |  50.0
        D:4 |      50 |       0 |   0.0 |       5 |       0 |   0.0
            +---------+---------+-------+---------+---------+-------
